[ AOE2 MATCH · #504944238 ]
UnrankedTatars vs Armenians
Player's team · WIN
Rival team · LOSS
[ REPLAY ANALYSIS · EXTRACTED FROM THE RECORDED GAME ]
Feudal
9:22
Castle
19:18
Imperial
—
| APM avg | 51.5 |
| APM peak | 99 |
| eAPM avg | 23.9 |
| Villagers / military | 100 / 57 |
Focus
⚔️ 37.5% · 🌾 62.5%
Cavalry Archer ×45 · Archer ×12
Feudal
9:16
Castle
19:29
Imperial
—
| APM avg | 43.7 |
| APM peak | 77 |
| eAPM avg | 26.6 |
| Villagers / military | 137 / 93 |
Focus
⚔️ 30.8% · 🌾 69.2%
Archer ×81 · Skirmisher ×6 · Militia ×5 · Monk ×1
Match map
Initial resources + every placement click. Lines = walls · curves = elevation contours. ◆ gold · ⬟ stone · ● berries · ✦ relic · ◌ wall gap
Your base· Open — 3t gap
Ripthepie's base· ✓ Closed at 19:29 · 31t walls · 1 gate(s)
Smoothed initial terrain · ◌ = detected wall gap · hover for details
Inputs per minute
— Butterfly - - Ripthepie
Build order — Butterfly
First 150 of 286 actions detected
| 0:02 | Queue | Villager (Male) |
| 0:02 | Queue | Villager (Male) |
| 0:04 | Build | House |
| 0:12 | Build | House |
| 0:13 | Queue | Villager (Male) |
| 0:17 | Queue | Villager (Male) |
| 0:17 | Queue | Villager (Male) |
| 0:17 | Queue | Villager (Male) |
| 1:31 | Queue | Villager (Male) |
| 1:31 | Queue | Villager (Male) |
| 1:55 | Queue | Villager (Male) |
| 1:56 | Queue | Villager (Male) |
| 2:07 | Build | Lumber Camp |
| 2:24 | Queue | Villager (Male) |
| 2:24 | Queue | Villager (Male) |
| 2:47 | Queue | Villager (Male) |
| 3:12 | Build | House |
| 3:20 | Queue | Villager (Male) |
| 3:20 | Queue | Villager (Male) |
| 3:20 | Queue | Villager (Male) |
| 3:20 | Queue | Villager (Male) |
| 3:20 | Queue | Villager (Male) |
| 3:20 | Queue | Villager (Male) |
| 3:22 | Research | Loom |
| 3:37 | Build | Palisade Wall |
| 3:38 | Build | House |
| 3:54 | Queue | Villager (Male) |
| 3:54 | Queue | Villager (Male) |
| 4:08 | Queue | Villager (Male) |
| 4:08 | Queue | Villager (Male) |
| 4:08 | Queue | Villager (Male) |
| 4:08 | Queue | Villager (Male) |
| 4:45 | Queue | Villager (Male) |
| 4:45 | Queue | Villager (Male) |
| 4:45 | Queue | Villager (Male) |
| 5:33 | Build | Mill |
| 6:10 | Queue | Villager (Male) |
| 6:44 | Queue | Villager (Male) |
| 6:44 | Queue | Villager (Male) |
| 7:12 | Research | Feudal Age |
| 7:46 | Build | Palisade Wall |
| 7:53 | Build | House |
| 7:57 | Build | Palisade Wall |
| 8:06 | Build | Palisade Wall |
| 8:11 | Build | Palisade Wall |
| 8:25 | Build | Palisade Wall |
| 8:38 | Build | Palisade Wall |
| 8:53 | Build | Palisade Wall |
| 9:02 | Queue | Villager (Male) |
| 9:20 | Build | Palisade Wall |
| 9:21 | Build | Palisade Wall |
| 9:22 | Age | Feudal Age |
| 9:23 | Queue | Villager (Male) |
| 9:30 | Build | House |
| 9:32 | Build | House |
| 10:00 | Build | Barracks |
| 10:03 | Research | Double-Bit Axe |
| 10:08 | Build | Palisade Wall |
| 10:15 | Queue | Villager (Male) |
| 10:27 | Queue | Villager (Male) |
| 10:34 | Build | Mining Camp |
| 10:53 | Queue | Villager (Male) |
| 11:00 | Queue | Villager (Male) |
| 11:08 | Build | Archery Range |
| 11:11 | Build | House |
| 11:31 | Build | Palisade Wall |
| 11:45 | Build | Palisade Wall |
| 11:50 | Build | Palisade Wall |
| 11:57 | Queue | Villager (Male) |
| 12:04 | Queue | Archer |
| 12:05 | Queue | Villager (Male) |
| 12:12 | Build | Palisade Wall |
| 12:14 | Build | Palisade Wall |
| 12:14 | Build | Palisade Wall |
| 12:21 | Build | Palisade Wall |
| 12:23 | Build | Palisade Wall |
| 12:24 | Build | Palisade Wall |
| 12:29 | Queue | Archer |
| 12:32 | Queue | Villager (Male) |
| 12:42 | Build | Blacksmith |
| 12:46 | Queue | Archer |
| 12:52 | Build | Palisade Wall |
| 13:00 | Queue | Villager (Male) |
| 13:09 | Queue | Archer |
| 13:17 | Build | Farm |
| 13:19 | Build | Farm |
| 13:25 | Queue | Archer |
| 13:49 | Build | Farm |
| 13:51 | Queue | Villager (Male) |
| 13:59 | Build | House |
| 14:00 | Queue | Villager (Male) |
| 14:08 | Build | Farm |
| 14:16 | Queue | Archer |
| 14:34 | Build | House |
| 14:39 | Queue | Villager (Male) |
| 14:41 | Queue | Archer |
| 14:41 | Queue | Archer |
| 14:41 | Queue | Archer |
| 14:53 | Build | House |
| 14:56 | Build | House |
| 15:13 | Queue | Villager (Male) |
| 15:31 | Build | Farm |
| 15:34 | Build | Farm |
| 15:41 | Queue | Villager (Male) |
| 15:54 | Queue | Archer |
| 16:05 | Build | Farm |
| 16:05 | Queue | Villager (Male) |
| 16:36 | Build | Farm |
| 16:38 | Research | Castle Age |
| 16:39 | Research | Castle Age |
| 16:46 | Queue | Archer |
| 16:46 | Queue | Archer |
| 16:53 | Build | Lumber Camp |
| 17:31 | Build | Mining Camp |
| 17:34 | Research | Fletching |
| 18:08 | Research | Padded Archer Armor |
| 18:26 | Build | House |
| 18:28 | Research | Horse Collar |
| 18:50 | Build | House |
| 19:18 | Age | Castle Age |
| 19:22 | Research | Bodkin Arrow |
| 19:23 | Research | Crossbowman (upgrade) |
| 19:25 | Queue | Villager (Male) |
| 19:39 | Build | Town Center |
| 19:42 | Queue | Villager (Male) |
| 19:53 | Queue | Villager (Male) |
| 20:24 | Queue | Villager (Male) |
| 20:26 | Build | University |
| 20:38 | Queue | Villager (Male) |
| 20:42 | Queue | Cavalry Archer |
| 20:58 | Build | Town Center |
| 21:27 | Queue | Villager (Male) |
| 22:00 | Queue | Cavalry Archer |
| 22:00 | Queue | Cavalry Archer |
| 22:02 | Queue | Villager (Male) |
| 22:18 | Queue | Villager (Male) |
| 22:18 | Queue | Villager (Male) |
| 22:29 | Queue | Cavalry Archer |
| 22:29 | Queue | Cavalry Archer |
| 22:36 | Build | Archery Range |
| 22:38 | Queue | Cavalry Archer |
| 22:44 | Queue | Cavalry Archer |
| 22:45 | Queue | Villager (Male) |
| 22:54 | Build | Lumber Camp |
| 23:04 | Queue | Villager (Male) |
| 23:07 | Queue | Cavalry Archer |
| 23:12 | Queue | Villager (Male) |
| 23:28 | Queue | Cavalry Archer |
| 23:28 | Queue | Cavalry Archer |
| 23:29 | Queue | Villager (Male) |
Build order — Ripthepie
First 150 of 348 actions detected
| 0:01 | Queue | Villager (Male) |
| 0:01 | Queue | Villager (Male) |
| 0:01 | Queue | Villager (Male) |
| 0:01 | Queue | Villager (Male) |
| 0:02 | Build | House |
| 0:04 | Build | House |
| 1:24 | Queue | Villager (Male) |
| 1:45 | Build | Mule Cart |
| 1:48 | Queue | Villager (Male) |
| 1:48 | Queue | Villager (Male) |
| 2:17 | Queue | Villager (Male) |
| 2:17 | Queue | Villager (Male) |
| 2:48 | Queue | Villager (Male) |
| 3:00 | Queue | Villager (Male) |
| 3:00 | Queue | Villager (Male) |
| 3:27 | Build | House |
| 3:30 | Build | House |
| 3:31 | Queue | Villager (Male) |
| 4:00 | Queue | Villager (Male) |
| 4:27 | Queue | Villager (Male) |
| 4:27 | Queue | Villager (Male) |
| 4:28 | Queue | Villager (Male) |
| 4:45 | Queue | Villager (Male) |
| 4:45 | Queue | Villager (Male) |
| 5:05 | Build | House |
| 5:07 | Build | Barracks |
| 5:26 | Queue | Villager (Male) |
| 5:27 | Queue | Villager (Male) |
| 5:35 | Build | Palisade Wall |
| 6:01 | Research | Loom |
| 6:58 | Research | Feudal Age |
| 6:58 | Research | Feudal Age |
| 6:59 | Queue | Militia |
| 7:11 | Build | House |
| 7:14 | Build | Mule Cart |
| 7:19 | Queue | Militia |
| 7:44 | Queue | Militia |
| 7:48 | Build | House |
| 8:10 | Queue | Militia |
| 8:24 | Queue | Villager (Male) |
| 8:45 | Queue | Militia |
| 9:16 | Age | Feudal Age |
| 9:26 | Queue | Villager (Male) |
| 9:29 | Research | Man-at-Arms (upgrade) |
| 9:33 | Build | Mule Cart |
| 9:37 | Build | Archery Range |
| 9:53 | Queue | Villager (Male) |
| 9:53 | Queue | Villager (Male) |
| 10:01 | Build | House |
| 10:17 | Build | Mill |
| 10:23 | Queue | Villager (Male) |
| 10:24 | Queue | Villager (Male) |
| 10:40 | Queue | Villager (Male) |
| 10:40 | Queue | Villager (Male) |
| 10:51 | Build | Palisade Wall |
| 11:11 | Queue | Villager (Male) |
| 11:13 | Queue | Skirmisher |
| 11:40 | Build | Market |
| 11:41 | Queue | Villager (Male) |
| 11:58 | Research | Double-Bit Axe |
| 11:58 | Research | Double-Bit Axe |
| 12:12 | Queue | Villager (Male) |
| 12:12 | Queue | Villager (Male) |
| 12:32 | Build | Palisade Gate |
| 12:34 | Build | House |
| 12:37 | Build | Palisade Wall |
| 12:39 | Queue | Villager (Male) |
| 12:39 | Queue | Villager (Male) |
| 12:42 | Build | Farm |
| 12:44 | Queue | Villager (Male) |
| 12:47 | Build | Farm |
| 12:57 | Build | Farm |
| 12:58 | Build | Farm |
| 13:03 | Queue | Villager (Male) |
| 13:04 | Build | Farm |
| 13:07 | Build | Farm |
| 13:10 | Build | Farm |
| 13:14 | Queue | Skirmisher |
| 13:14 | Queue | Skirmisher |
| 13:23 | Build | Farm |
| 13:37 | Queue | Villager (Male) |
| 13:45 | Build | Farm |
| 13:47 | Queue | Skirmisher |
| 13:58 | Queue | Villager (Male) |
| 13:58 | Queue | Villager (Male) |
| 14:01 | Build | House |
| 14:03 | Build | Palisade Wall |
| 14:10 | Queue | Skirmisher |
| 14:19 | Build | Farm |
| 14:21 | Queue | Villager (Male) |
| 14:30 | Queue | Villager (Male) |
| 14:35 | Queue | Skirmisher |
| 14:42 | Build | House |
| 14:44 | Build | Palisade Wall |
| 14:52 | Queue | Villager (Male) |
| 15:11 | Build | Blacksmith |
| 15:27 | Build | House |
| 15:29 | Build | Palisade Wall |
| 15:31 | Queue | Villager (Male) |
| 15:42 | Build | Mule Cart |
| 15:57 | Queue | Villager (Male) |
| 16:19 | Queue | Villager (Male) |
| 16:30 | Queue | Archer |
| 16:31 | Queue | Archer |
| 16:45 | Research | Castle Age |
| 16:45 | Research | Castle Age |
| 16:54 | Queue | Archer |
| 17:15 | Research | Fletching |
| 17:27 | Research | Gold Mining |
| 17:27 | Research | Gold Mining |
| 17:36 | Queue | Archer |
| 17:46 | Research | Horse Collar |
| 17:46 | Research | Horse Collar |
| 18:00 | Queue | Archer |
| 18:09 | Build | Archery Range |
| 18:10 | Build | House |
| 18:17 | Queue | Archer |
| 18:19 | Research | Padded Archer Armor |
| 18:19 | Research | Padded Archer Armor |
| 18:33 | Queue | Villager (Male) |
| 18:47 | Queue | Archer |
| 18:48 | Queue | Archer |
| 19:28 | Queue | Archer |
| 19:29 | Age | Castle Age |
| 19:32 | Research | Bodkin Arrow |
| 19:35 | Queue | Villager (Male) |
| 19:35 | Queue | Villager (Male) |
| 19:38 | Build | University |
| 19:59 | Queue | Villager (Male) |
| 20:03 | Queue | Archer |
| 20:03 | Queue | Archer |
| 20:22 | Build | House |
| 20:25 | Build | Stone Wall |
| 20:39 | Queue | Villager (Male) |
| 20:39 | Queue | Villager (Male) |
| 21:00 | Build | House |
| 21:05 | Build | Farm |
| 21:06 | Build | Farm |
| 21:10 | Research | Crossbowman (upgrade) |
| 21:10 | Research | Crossbowman (upgrade) |
| 21:14 | Queue | Archer |
| 21:14 | Queue | Archer |
| 21:14 | Queue | Archer |
| 21:15 | Queue | Archer |
| 21:19 | Queue | Villager (Male) |
| 21:19 | Queue | Villager (Male) |
| 22:03 | Queue | Villager (Male) |
| 22:04 | Queue | Villager (Male) |
| 22:11 | Build | House |
| 22:13 | Queue | Archer |
Match timeline
| 3:37 | Butterfly · wall_segment Palisade Wall x1 |
| 5:07 | Ripthepie · first_building Barracks |
| 5:35 | Ripthepie · wall_segment Palisade Wall x1 |
| 7:46 | Butterfly · wall_segment Palisade Wall x3 |
| 7:57 | Butterfly · wall_segment Palisade Wall x10 |
| 8:06 | Butterfly · wall_segment Palisade Wall x1 |
| 8:11 | Butterfly · wall_segment Palisade Wall x13 |
| 8:25 | Butterfly · wall_segment Palisade Wall x9 |
| 8:38 | Butterfly · wall_segment Palisade Wall x4 |
| 8:53 | Butterfly · wall_segment Palisade Wall x1 |
| 9:16 | Ripthepie · age_up feudal |
| 9:20 | Butterfly · wall_segment Palisade Wall x1 |
| 9:21 | Butterfly · wall_segment Palisade Wall x1 |
| 9:22 | Butterfly · age_up feudal |
| 9:37 | Ripthepie · first_building Archery Range |
| 10:00 | Butterfly · first_building Barracks |
| 10:08 | Butterfly · wall_segment Palisade Wall x1 |
| 10:51 | Ripthepie · wall_segment Palisade Wall x8 |
| 11:08 | Butterfly · first_building Archery Range |
| 11:31 | Butterfly · wall_segment Palisade Wall x1 |
| 11:45 | Butterfly · wall_segment Palisade Wall x1 |
| 11:50 | Butterfly · wall_segment Palisade Wall x1 |
| 12:12 | Butterfly · wall_segment Palisade Wall x1 |
| 12:14 | Butterfly · wall_segment Palisade Wall x1 |
| 12:14 | Butterfly · wall_segment Palisade Wall x1 |
| 12:21 | Butterfly · wall_segment Palisade Wall x1 |
| 12:23 | Butterfly · wall_segment Palisade Wall x1 |
| 12:24 | Butterfly · wall_segment Palisade Wall x1 |
| 12:37 | Ripthepie · wall_segment Palisade Wall x7 |
| 12:52 | Butterfly · wall_segment Palisade Wall x1 |
| 14:03 | Ripthepie · wall_segment Palisade Wall x4 |
| 14:44 | Ripthepie · wall_segment Palisade Wall x1 |
| 15:29 | Ripthepie · wall_segment Palisade Wall x10 |
| 15:33 | Ripthepie · first_market_sell 100 stone |
| 15:37 | Ripthepie · first_market_buy 100 food |
| 19:18 | Butterfly · age_up castle |
| 19:29 | Ripthepie · age_up castle |
| 20:25 | Ripthepie · wall_segment Stone Wall x1 |
| 26:22 | Ripthepie · first_building Monastery |
| 27:28 | Butterfly · first_building Stable |
| 29:10 | Butterfly · wall_segment Stone Wall x1 |
| 31:47 | Ripthepie · resign |
[ AI ANALYSIS · 1 CREDIT ]
What really happened in this match?
Wolo.gg analyzes every decision: build order, eco, micro, common mistakes by bracket. Personalized analysis on WhatsApp or Discord in 30 seconds.
Civ guide
Tatars
Perfil
Jugador #11988869